 Dungeon Crawl Stone Soup version 0.29.1-12-g30fa7ad0bf (webtiles) character file.

Game seed: 9477019821450803279

252 Radix the Cutter (level 6, -3/39 HPs)
             Began as a Kobold Brigand on Dec 26, 2022.
             Slain by a gnoll
             ... wielding a +0 flail
              (5 damage)
             ... on level 4 of the Dungeon.
             The game lasted 00:25:28 (5207 turns).

Radix the Cutter (Kobold Brigand)                   Turns: 5207, Time: 00:25:28

Health: -3/39      AC:  6    Str:  9    XL:     6   Next: 36%
Magic:  6/6        EV: 13    Int: 12    God:
Gold:   84         SH:  5    Dex: 18    Spells: 5/5 levels left

rFire   . . .      SeeInvis .   a - +2 dagger
rCold   . . .      Faith    .   B - +0 buckler
rNeg    . . .      Spirit   .   l - +0 leather armour
rPois   .          Reflect  .   (no helmet)
rElec   .          Harm     .   c - +0 cloak
rCorr   .          Rampage  .   g - +0 pair of gloves
Will    .....                   u - +0 pair of boots
Stlth   ++++......              (no amulet)
HPRegen 0.13/turn               (no ring)
MPRegen 0.10/turn               (no ring)

@: no status effects
A: small, no large weapons, nightstalker 3
a: no special abilities


You were on level 4 of the Dungeon.
You visited 1 branch of the dungeon, and saw 4 of its levels.
You also visited: Ossuary.

You collected 159 gold pieces.
You spent 75 gold pieces at shops.

Inventory:

Hand Weapons
 a - a +2 dagger (weapon)
 k - a +0 sling
Missiles
 d - 19 poisoned darts (quivered)
 e - 3 curare-tipped darts
Armour
 b - a +0 robe
 c - a +0 cloak (worn)
 g - a +0 pair of gloves (worn)
 l - a +0 leather armour (worn)
 u - a +0 pair of boots (worn)
 B - a +0 buckler (worn)
 D - a +0 pair of gloves
Magical Staves
 o - a staff of earth
Scrolls
 f - 3 scrolls of teleportation {unknown}
 i - 2 scrolls of brand weapon {unknown}
 m - 3 scrolls of butterflies
 p - 3 scrolls of noise {unknown}
 r - a scroll of magic mapping {unknown}
 s - 5 scrolls of identify
 t - a scroll of blinking {unknown}
 w - 2 scrolls of immolation {unknown}
 y - 3 scrolls of vulnerability {unknown}
 z - 2 scrolls of enchant armour {unknown}
 E - a scroll of poison {unknown}
Potions
 h - 2 potions of flight
 j - 3 potions of curing
 n - 2 potions of haste {unknown}
 q - a potion of cancellation {unknown}
 v - a potion of mutation {unknown}
 x - 3 potions of heal wounds {unknown}
 A - a potion of lignification {unknown}
 C - 2 potions of attraction {unknown}
 F - a potion of degeneration {unknown}


   Skills:
 + Level 4.6 Fighting
 + Level 5.5 Short Blades
 + Level 3.2 Ranged Weapons
 - Level 2.1 Throwing
 - Level 1.2 Dodging
 - Level 5.3 Stealth


You had 5 spell levels left.
You didn't know any spells.
Your spell library contained the following spells:

 Spells                   Type           Power      Damage    Failure   Level
 Sandblast                Erth           0%         2d4       58%         1
 Slow                     Hex            0%         N/A       58%         1
 Call Imp                 Summ           0%         N/A       73%         2
 Passwall                 Tmut/Erth      0%         N/A       73%         2
 Confusing Touch          Hex            0%         N/A       91%         3
 Stone Arrow              Conj/Erth      0%         3d7       91%         3
 Vampiric Draining        Necr           0%         2d6       91%         3
 Summon Forest            Summ/Tloc      0%         N/A       100%        5
 Statue Form              Tmut/Erth      0%         N/A       100%        6
 Monstrous Menagerie      Summ           0%         N/A       100%        7


Dungeon Overview and Level Annotations

Branches:
Dungeon (4/15)            Ossuary (visited)
 Temple: D:4-7

Altars:
Ashenzari
Makhleb

Shops:
D:2 (**[(   D:3 (


Innate Abilities, Weirdness & Mutations

You are small and have problems with some larger weapons.
You are completely attuned to the shadows.


Message History

Aim: a gnoll, wielding a +0 flail (68% to hit)
You throw a poisoned dart. The poisoned dart hits the gnoll.
The gnoll is poisoned.
The gnoll attacks as you move away! The gnoll hits you with a +0 flail.
* * * LOW HITPOINT WARNING * * *
Sorry, you're not good enough to have a special ability.
You feel better. The gnoll closely misses you.
The gnoll hits you from afar with a +1 spear of distortion.
The gnoll attacks as you move away! The gnoll hits you with a +0 flail.
* * * LOW HITPOINT WARNING * * *
The gnoll looks more healthy.
The gnoll attacks as you move away! You block the gnoll's attack.
You hit the gnoll but do no damage.
The gnoll is heavily wounded.
You hit the gnoll.
The gnoll is severely wounded.
The gnoll closely misses you.
The gnoll hits you from afar with a +1 spear of distortion.
* * * LOW HITPOINT WARNING * * *
The gnoll attacks as you move away! The gnoll barely misses you.
The gnoll hits you with a +0 flail.
* * * LOW HITPOINT WARNING * * *
The gnoll barely misses you.
You feel better. The gnoll hits you with a +0 flail.
* * * LOW HITPOINT WARNING * * *
You block the gnoll's attack. The gnoll misses you.
Found a scroll labelled WIUG RONLI.
The gnoll attacks as you move away! You block the gnoll's attack.
Throw: 20 darts (poison)
Press: ? - help, Q - select action, (/) - cycle Shift-Dir - straight line, f/p - gnoll
Aim: a gnoll, wielding a +0 flail (severely wounded, 68% to hit)
You throw a poisoned dart. The poisoned dart hits the gnoll.
The gnoll is poisoned.
The gnoll is severely wounded.
The gnoll hits you with a +0 flail!
* * * LOW HITPOINT WARNING * * *
The gnoll attacks as you move away! The gnoll barely misses you.
The gnoll attacks as you move away! The gnoll hits you with a +0 flail.
You die...

########...........#
#.# #.#
.............#.# #.#
#.# .............#.#
#.# ###
.............#.######.#
#
.............#........#
###
...#################.#
#..
###################..
.....?.............#.
....@gg(......######.
~≈≈≈≈≈≈≈≈≈≈≈≈.....#..
~≈≈≈≈≈≈≈≈≈≈≈≈........
......#####≈≈........
©.###.#. .#≈≈........
.#≈≈........
##≈≈.##.....
8.≈≈.##.....
#.≈≈.##.....


You could see 2 gnolls.

Vanquished Creatures
  A hound (D:4)
  An iguana (D:4)
  A mummy (Ossuary)
  A gnoll (D:4)
  5 adders
  An ufetubus (D:4)
  3 dart slugs
  2 spectral bats (Ossuary)
  5 endoplasms (D:1)
  5 giant cockroaches
  7 hobgoblins
  A jackal (D:3)
  4 kobolds
  7 quokkas
  7 ball pythons
  6 bats
  5 bat simulacra (Ossuary)
  11 frilled lizards
  12 gnoll zombies (Ossuary)
  6 goblins
  3 goblin simulacra (Ossuary)
  5 goblin zombies
  3 hobgoblin zombies (Ossuary)
  2 kobold simulacra (Ossuary)
  7 kobold zombies (Ossuary)
  4 orc zombies (Ossuary)
  2 rats (D:1)
  4 rat simulacra (Ossuary)
  A rat zombie (D:4)
  4 spectral goblins (Ossuary)
  6 spectral kobolds (Ossuary)
  3 spectral rats (Ossuary)
135 creatures vanquished.

Notes
Turn   | Place    | Note
-------+----------+-------------------------------------------
     0 | D:1      | Radix the Kobold Brigand began the quest for the Orb.
     0 | D:1      | Reached XP level 1. HP: 12/12 MP: 1/1
   437 | D:1      | Reached XP level 2. HP: 18/18 MP: 2/2
   703 | D:1      | Reached XP level 3. HP: 17/23 MP: 3/3
  1624 | D:2      | Found Sulo's Antique Armour Boutique.
  1729 | D:2      | Found Sit Roug's Assorted Antiques.
  1736 | D:2      | Reached XP level 4. HP: 28/28 MP: 4/4
  1771 | D:2      | Bought a scroll labelled FUREOS PIVUEQI for 30 gold pieces
  1822 | D:2      | Found Ysuherch's Weapon Shoppe.
  1827 | D:2      | Bought a +0 sling for 19 gold pieces
  1835 | D:2      | Found a faded altar of an unknown god.
  1915 | D:2      | Found Xuhyim's General Store.
  2129 | D:2      | Reached skill level 1 in Ranged Weapons
  2447 | D:2      | Found Xayrebb's Weapon Shoppe.
  2452 | D:2      | Bought 5 poisoned darts for 26 gold pieces
  2902 | D:3      | Found Pakh's Antique Weapon Shop.
  2975 | D:3      | Reached XP level 5. HP: 33/33 MP: 5/5
  3104 | D:3      | Got the Papyrus of the Union and the Mountains
  3585 | D:3      | Found a broken altar of Ashenzari.
  3923 | D:4      | Found a sand-covered staircase.
  3929 | Ossuary  | Entered an ossuary
  4129 | Ossuary  | Reached skill level 5 in Short Blades
  4691 | D:4      | Reached XP level 6. HP: 21/39 MP: 6/6
  5000 | D:4      | Found a burning altar of Makhleb.
  5196 | D:4      | HP: 1/39 [gnoll/+0 flail (5)]
  5207 | D:4      | Slain by a gnoll

Illustrated notes

Levels and vault maps discovered:
D:1:      dpeg_arrival_refuge, layout_loops_corners, minmay_lizard_pond
D:2:      layout_loops_ring, shapermc_ecumenical_altar_notcrosses, serial_shops,
          nicolae_shop_window_shopping, shop, shop, shop, shop
D:3:      layout_basic, lemuel_tele_altar, serial_shops,
          nicolae_shop_window_shopping, kennysheep_generic_room_10
D:4:      layout_basic, makhleb_heckhound_becter, enter_ossuary_4,
          gammafunk_ghost_gnarly_gnolls

Skill      XL: |  1  2  3  4  5  6 |
---------------+-------------------+-----
Short Blades   | 3 4 5 |  5.5
Fighting       | 3 4 |  4.6
Ranged Weapons | 1 2 3 |  3.2
Throwing       | |  2.1
Dodging        | |  1.2
Stealth        | |  5.3

Action                   |  1- 3 |  4- 6 || total
-------------------------+-------+-------++-------
Melee: Dagger            |    94 |   301 ||   395
       Punch             |     1 |       ||     1
 Fire: Sling             |       |    19 ||    19
Throw: Dart              |       |     4 ||     4
  Use: Scroll            |       |     3 ||     3
       Potion            |       |     3 ||     3
 Stab: Sleeping          |    17 |    33 ||    50
Armor: Robe              |     4 |       ||     4
       Leather armour    |    11 |    55 ||    66
Dodge: Dodged            |    35 |   134 ||   169
Block: Buckler           |       |    43 ||    43
